[Event "Irish International Open 2019"]
[Site "Dublin"]
[Date "2019.04.22"]
[Round "9.12"]
[White "Melaugh, Gavin"]
[Black "Thorarinsson, Pall A."]
[Result "1/2-1/2"]
[ECO "B06"]
[WhiteElo "2109"]
[BlackElo "2246"]
[Annotator "NA"]
[PlyCount "73"]
[EventDate "2019.02.28"]
[EventType "swiss"]
[EventCountry "IRL"]
[SourceTitle "playchess.com"]
[Source "ChessBase"]
[SourceQuality "1"]
[TimeControl "5400+30"]

1. e4 g6 2. d4 Bg7 3. Nc3 d6 4. Be3 a6 5. Qd2 Nd7 6. f3 b5 7. a3 Bb7 8. g4 c5 9. Nge2 Rc8 10. h4 h5 11. gxh5 $11 cxd4 12. Bxd4 Bxd4 13. Nxd4 Rxh5 14. Bh3 e5 15. Ndxb5 axb5 16. Nxb5 Qxh4+ 17. Ke2 Qf6 18. Nxd6+ Ke7 19. Bxd7 Rd8 20. Rxh5 Rxd7 21. Nf5+ gxf5 22. Qb4+ Ke8 23. Rxf5 Qh6 24. Rxe5+ Ne7 25. Rxe7+ Rxe7 26. Rd1 Qh2+ 27. Ke3 Qh6+ 28. Ke2 Qh2+ 29. Ke3 Qh6+ 30. Ke2 Qh2+ 31. Ke3 Qh6+ 32. Ke2 Qh2+ 33. Ke3 Qh6+ 34. Kf2 Qh2+ 35. Ke3 Qh6+ 36. Kf2 Qh2+ 37. Ke3 1/2-1/2

[Event "Irish International Open 2019"]
[Site "Dublin"]
[Date "2019.04.22"]
[Round "9.13"]
[White "Doyle, Hugh"]
[Black "Mihalik, Agoston"]
[Result "1/2-1/2"]
[ECO "A13"]
[WhiteElo "2042"]
[BlackElo "2203"]
[Annotator "NA"]
[PlyCount "50"]
[EventDate "2019.02.28"]
[EventType "swiss"]
[EventCountry "IRL"]
[SourceTitle "playchess.com"]
[Source "ChessBase"]
[SourceQuality "1"]
[TimeControl "5400+30"]

1. Nf3 c5 2. g3 d5 3. c4 d4 4. Bg2 Nf6 5. e3 e6 6. exd4 cxd4 7. O-O Nc6 8. d3 Bd6 9. Na3 e5 10. Nc2 a5 11. Rb1 O-O 12. b3 Rb8 13. Na3 Nd7 14. Nb5 Nc5 15. a3 Na6 16. Re1 Bg4 17. Nxd6 Qxd6 18. b4 axb4 19. axb4 b5 20. cxb5 Rxb5 21. Qa4 Rxb4 22. Ba3 Rxa4 23. Bxd6 Rd8 24. Nxe5 Nxe5 25. Rxe5 Be6 1/2-1/2

[Event "Irish International Open 2019"]
[Site "Dublin"]
[Date "2019.04.22"]
[Round "9.14"]
[White "Daly, Colm"]
[Black "Melaugh, Shane"]
[Result "1-0"]
[ECO "A10"]
[WhiteElo "2278"]
[BlackElo "2105"]
[Annotator "NA"]
[PlyCount "121"]
[EventDate "2019.02.28"]
[EventType "swiss"]
[EventCountry "IRL"]
[SourceTitle "playchess.com"]
[Source "ChessBase"]
[SourceQuality "1"]
[TimeControl "5400+30"]

1. Nf3 e6 2. g3 f5 3. Bg2 Nf6 4. c4 Be7 5. O-O O-O 6. Nc3 d6 7. d3 Nc6 8. Rb1 a5 9. a3 Qe8 {[%emt 0:07:01] A10: English Opening: Unusual Replies for Black} 10. b4 axb4 11. axb4 e5 (11... Qh5 12. b5 Nd8 13. Qb3 Nf7 14. Bb2 Ng4 15. h3 Nge5 16. Nxe5 Nxe5 17. f4 {1-0 (87) Baldauf,M (2398)-Schwabeneder,F (2350) Austria 2015}) 12. Bg5 Be6 13. b5 $146 ({Predecessor:} 13. Nd2 Qh5 14. Bxf6 Bxf6 15. b5 Nd8 16. Nd5 Rc8 17. Ra1 {1-0 (45) Szucs,V (2152)-Tomka,J (2099) Slovakia 2012}) 13... Nd8 14. Nd2 c6 15. Ra1 Rxa1 16. Qxa1 Qh5 17. Bxf6 Rxf6 18. Rb1 Rh6 19. Nf1 e4 (19... Qe8 $14) 20. bxc6 bxc6 $16 21. Qa7 Bf6 22. Rb8 Qe8 23. Qc7 Be7 24. dxe4 Bxc4 25. exf5 d5 26. Ne3 Rd6 27. f6 Rxf6 28. Bxd5+ cxd5 29. Ncxd5 Bxd5 30. Nxd5 Kf7 31. Nxf6 gxf6 32. Qc4+ Kf8 33. Qd5 Kg7 34. e3 Qf8 35. h4 Bd6 36. Ra8 Qe7 37. Qd4 Kf7 38. Ra7 Bc7 39. Qc4+ Ne6 40. Ra6 Qd7 41. Rxe6 Qxe6 42. Qxc7+ Kg6 43. Qf4 h5 44. Kg2 Kg7 45. e4 Qc6 46. Qf5 Kh6 47. Kh2 Qb6 48. e5 fxe5 49. Qg5+ Kh7 50. Qxh5+ Kg8 51. Qf5 e4 52. Kh3 Qb1 53. Kg4 Qc2 54. h5 Qe2+ 55. Kh4 Qc4 56. g4 Qd4 57. h6 Kh8 58. Kh5 Qa7 59. Qe5+ Kg8 60. Qe8+ Kh7 61. Qxe4+ 1-0

[Event "Irish International Open 2019"]
[Site "Dublin"]
[Date "2019.04.22"]
[Round "9.15"]
[White "Schut, Han"]
[Black "Reprun, Nadejda"]
[Result "1-0"]
[ECO "B12"]
[WhiteElo "2173"]
[BlackElo "1995"]
[Annotator "NA"]
[PlyCount "73"]
[EventDate "2019.02.28"]
[EventType "swiss"]
[EventCountry "IRL"]
[SourceTitle "playchess.com"]
[Source "ChessBase"]
[SourceQuality "1"]
[TimeControl "5400+30"]

1. e4 c6 2. d4 d5 3. e5 c5 4. Nf3 e6 5. c3 Nc6 6. Bd3 Nge7 7. O-O Ng6 8. g3 cxd4 9. cxd4 Bb4 10. a3 Ba5 11. h4 Nge7 12. Nc3 Bxc3 13. bxc3 Na5 $16 14. a4 Bd7 15. Ba3 Rc8 16. Bb4 Nc4 17. Qb1 b6 18. Bxc4 Rxc4 19. a5 Nc6 20. Nd2 Rxb4 21. cxb4 Nxd4 22. Qb2 Ne2+ 23. Kh2 Bb5 24. Rfe1 Nf4 25. Qd4 Ng6 26. axb6 axb6 27. Ra7 O-O 28. Rb7 f6 29. Qxb6 Qxb6 30. Rxb6 fxe5 31. f3 Bd3 32. h5 Ne7 33. Rxe6 e4 34. Rxe7 exf3 35. Re8 f2 36. Rxf8+ Kxf8 37. Rc1 1-0

[Event "Irish International Open 2019"]
[Site "Dublin"]
[Date "2019.04.22"]
[Round "9.16"]
[White "Duffy, Seamus"]
[Black "Moran, Stephen"]
[Result "0-1"]
[ECO "A01"]
[WhiteElo "1921"]
[BlackElo "2165"]
[Annotator "NA"]
[PlyCount "102"]
[EventDate "2019.02.28"]
[EventType "swiss"]
[EventCountry "IRL"]
[SourceTitle "playchess.com"]
[Source "ChessBase"]
[SourceQuality "1"]
[TimeControl "5400+30"]

1. b3 e5 2. Bb2 Nc6 3. e3 Nf6 4. Bb5 Bd6 5. Na3 Na5 6. Nc4 Nxc4 7. Bxc4 O-O 8. Ne2 c6 9. Ng3 Bc7 10. d4 exd4 11. Qxd4 d5 12. Bd3 Re8 13. Qh4 Ne4 14. Qxd8 Bxd8 15. Bxe4 dxe4 16. O-O-O Bh4 17. Rd4 f5 18. Rhd1 g6 19. Rd6 Be6 20. c4 Kf7 21. R6d2 Rad8 22. Nf1 Rxd2 23. Rxd2 Rd8 24. g3 Be7 25. Kc2 h5 26. h4 g5 27. hxg5 Bxg5 28. Rxd8 Bxd8 29. Be5 Kg6 30. Kd2 Kg5 31. Ke2 b5 32. cxb5 cxb5 33. Nd2 Bd5 34. f3 a6 35. fxe4 fxe4 36. Bd6 Bf6 37. a4 bxa4 38. bxa4 Kg4 39. Bc7 Bc3 40. Bd6 Kf5 41. Nb1 Bc4+ 42. Kf2 Ba5 43. Na3 Bd3 44. Bf8 Bc7 45. Bb4 Kg4 46. Bc5 Bxg3+ 47. Kg2 h4 48. Kg1 h3 49. a5 h2+ 50. Kg2 Bf1+ 51. Kh1 Kh3 0-1

[Event "Irish International Open 2019"]
[Site "Dublin"]
[Date "2019.04.22"]
[Round "9.17"]
[White "Buonanno, Raffaele"]
[Black "Flynn, Jacob"]
[Result "0-1"]
[ECO "A68"]
[WhiteElo "2091"]
[BlackElo "2011"]
[Annotator "NA"]
[PlyCount "88"]
[EventDate "2019.02.28"]
[EventType "swiss"]
[EventCountry "IRL"]
[SourceTitle "playchess.com"]
[Source "ChessBase"]
[SourceQuality "1"]
[TimeControl "5400+30"]

1. d4 Nf6 2. c4 c5 3. d5 e6 4. Nc3 exd5 5. cxd5 d6 6. e4 g6 7. f4 Bg7 8. Nf3 O-O 9. Be2 Bg4 10. O-O Nbd7 11. h3 $14 Bxf3 12. Bxf3 a6 13. a4 Re8 14. g4 h6 15. Be3 Rb8 16. Qd2 b5 17. axb5 axb5 18. e5 b4 19. Ne4 Nxe4 20. Bxe4 dxe5 21. f5 g5 22. d6 Qb6 23. h4 Nf6 24. Bf3 e4 25. Be2 b3 26. hxg5 hxg5 27. Bxg5 e3 28. Qd3 Ne4 29. f6 Nxg5 30. fxg7 c4 31. Qf5 Qxd6 32. Kg2 Qe5 33. Bxc4 Qxb2+ 34. Kh1 Qxg7 35. Ra5 e2 36. Bxe2 Rxe2 37. Qxg5 b2 38. Rb1 Rc8 39. Rg1 Qxg5 40. Rb5 Qe5 41. Rxe5 Kf8 42. Rb5 Rc1 43. Rb8+ Kg7 44. Rb6 Ree1 0-1

[Event "Irish International Open 2019"]
[Site "Dublin"]
[Date "2019.04.22"]
[Round "9.18"]
[White "McMorrow, John"]
[Black "Carroll, Peter"]
[Result "0-1"]
[ECO "B90"]
[WhiteElo "2058"]
[BlackElo "2006"]
[Annotator "NA"]
[PlyCount "128"]
[EventDate "2019.02.28"]
[EventType "swiss"]
[EventCountry "IRL"]
[SourceTitle "playchess.com"]
[Source "ChessBase"]
[SourceQuality "1"]
[TimeControl "5400+30"]

1. e4 c5 2. Nf3 d6 3. d4 cxd4 4. Nxd4 Nf6 5. Nc3 a6 6. Be3 e5 7. Nb3 Be6 8. f3 Be7 9. Qd2 O-O 10. O-O-O Nbd7 11. g4 b5 12. g5 b4 13. Ne2 Ne8 14. f4 a5 15. f5 a4 16. Nbd4 exd4 17. Nxd4 b3 18. Kb1 bxc2+ 19. Nxc2 Bb3 20. axb3 axb3 21. Na3 Ne5 22. h4 Ra4 23. Bd4 Qa8 24. Qe3 Kh8 25. Rh3 f6 26. Be2 Rb4 27. Rg3 Nc7 28. Rc1 Nb5 29. Bxb5 Rxb5 30. Rc3 Rb4 31. Rc7 Rb7 32. Rxb7 Qxb7 33. g6 h6 34. Qe2 Ra8 35. Bc3 Ra4 36. Re3 Bd8 37. Qb5 Qxb5 38. Nxb5 Bb6 39. Re2 Bc5 40. Be1 Kg8 41. Nc3 Rd4 42. Bf2 Rd3 43. Bxc5 dxc5 44. Rh2 Kf8 45. Rh1 Ke7 46. Nd5+ Kd6 47. Kc1 Nc4 48. Rh2 Rg3 49. Nc3 Rg1+ 50. Nd1 Ne3 51. Rd2+ Ke5 52. Rd3 Rxd1+ 53. Rxd1 Nxd1 54. Kxd1 Kxe4 55. Kd2 Kxf5 56. Kc3 Ke4 57. Kxb3 f5 58. Kc4 f4 59. Kxc5 f3 60. b4 f2 61. b5 f1=Q 62. b6 Kf5 63. Kc6 Kxg6 64. b7 Qf4 0-1

[Event "Irish International Open 2019"]
[Site "Dublin"]
[Date "2019.04.22"]
[Round "9.19"]
[White "Lundback, Anders"]
[Black "Kersten, Julian"]
[Result "1-0"]
[ECO "E61"]
[WhiteElo "1806"]
[BlackElo "1996"]
[Annotator "NA"]
[PlyCount "91"]
[EventDate "2019.02.28"]
[EventType "swiss"]
[EventCountry "IRL"]
[SourceTitle "playchess.com"]
[Source "ChessBase"]
[SourceQuality "1"]
[TimeControl "5400+30"]

1. d4 Nf6 2. c4 g6 3. Nc3 Bg7 4. Nf3 O-O 5. Bg5 d6 6. e3 c5 7. Be2 Nbd7 8. Qc2 Re8 9. O-O h6 10. Bh4 g5 11. Bg3 Nf8 12. Rfd1 b6 13. a3 Nh5 14. b4 Nxg3 15. hxg3 Qc7 16. Rac1 Bb7 17. Rd2 Rac8 18. Ne1 Nd7 19. Nb5 Qb8 20. Bg4 Red8 21. Qb3 cxb4 22. axb4 a6 23. Nc3 e6 24. Nd3 Qa8 25. Ne1 Nf6 26. Bf3 Ne4 27. Nxe4 Bxe4 28. Bxe4 Qxe4 29. Ra2 Qb7 30. Rca1 Ra8 31. Nd3 e5 32. d5 e4 33. Nb2 b5 34. Rd1 Rdc8 35. Rc1 bxc4 36. Rxc4 Rab8 37. Rxe4 Rc3 38. Qa4 Rc1+ 39. Kh2 Qxd5 40. f3 f5 41. Re7 Bf6 42. Ra7 Qe6 43. Nd3 Rc3 44. Qxa6 Qxe3 45. Qxd6 Rxd3 46. Qxb8+ 1-0

[Event "Irish International Open 2019"]
[Site "Dublin"]
[Date "2019.04.22"]
[Round "9.20"]
[White "Schmitz, Andreas Arnold"]
[Black "Plaza Reino, Mercedes"]
[Result "1-0"]
[ECO "B22"]
[WhiteElo "2003"]
[BlackElo "1927"]
[Annotator "NA"]
[PlyCount "131"]
[EventDate "2019.02.28"]
[EventType "swiss"]
[EventCountry "IRL"]
[SourceTitle "playchess.com"]
[Source "ChessBase"]
[SourceQuality "1"]
[TimeControl "5400+30"]

1. e4 c5 2. c3 d5 3. exd5 Qxd5 4. d4 Nf6 5. Nf3 e6 6. Be2 Nc6 7. Na3 Qd8 8. Bf4 cxd4 9. Nb5 Nd5 10. Bg3 dxc3 11. bxc3 a6 12. c4 axb5 13. cxd5 Bb4+ 14. Kf1 Qxd5 15. Qxd5 exd5 16. Bxb5 O-O 17. a4 Bg4 18. Rb1 Bc3 19. Ke2 Nd4+ 20. Kd3 Nxb5 21. Rxb5 Bf6 22. Ne5 Bf5+ 23. Kd2 Be6 24. a5 Rfd8 25. Rc1 Rdc8 26. Rxc8+ Rxc8 27. Rxb7 Bxe5 28. Bxe5 f6 29. Bd6 d4 30. a6 Bd5 31. g3 Ra8 32. Rb8+ Kf7 33. Rxa8 Bxa8 34. Bc5 Ke6 35. Bxd4 Kd5 36. Ke3 Ke6 37. Bc3 Kd5 38. a7 Bb7 39. g4 Ke6 40. f4 g6 41. h4 h5 42. f5+ Kf7 43. fxg6+ Kxg6 44. gxh5+ Kxh5 45. Bxf6 Kg6 46. Bd8 Kf5 47. Kd4 Ke6 48. h5 Kf7 49. Bg5 Ke6 50. h6 Kf7 51. Kc5 Be4 52. Kd6 Kg6 53. Be3 Kh7 54. Kc7 Kg8 55. Kb8 Kh7 56. a8=Q Bxa8 57. Kxa8 Kg8 58. Kb7 Kh7 59. Kc6 Kg8 60. Kd6 Kf7 61. Ke5 Kg6 62. Ke6 Kh7 63. Kf5 Kg8 64. Kg6 Kh8 65. Bd4+ Kg8 66. h7+ 1-0

[Event "Irish International Open 2019"]
[Site "Dublin"]
[Date "2019.04.22"]
[Round "9.21"]
[White "Abul Kalam, Azad Lilu"]
[Black "Mulligan, Scott"]
[Result "1/2-1/2"]
[ECO "B18"]
[WhiteElo "1951"]
[BlackElo "2006"]
[Annotator "NA"]
[PlyCount "69"]
[EventDate "2019.02.28"]
[EventType "swiss"]
[EventCountry "IRL"]
[SourceTitle "playchess.com"]
[Source "ChessBase"]
[SourceQuality "1"]
[TimeControl "5400+30"]

1. e4 c6 2. d4 d5 3. Nc3 dxe4 4. Nxe4 Bf5 5. Ng3 Bg6 6. Nf3 Nd7 7. Bd3 Bxd3 8. Qxd3 Ngf6 9. O-O e6 10. Re1 Be7 11. Bd2 Qb6 12. b3 a5 13. a3 O-O 14. c4 Rfe8 15. c5 Qc7 16. b4 Red8 17. Qe2 axb4 18. axb4 Nd5 19. b5 b6 20. bxc6 Qxc6 21. cxb6 N7xb6 22. Rxa8 Rxa8 23. Rc1 Qa4 24. Ne4 Nd7 25. h4 Bf6 26. Qd3 g6 27. Nxf6+ N7xf6 28. Ne5 Kg7 29. Rb1 Nd7 30. Ng4 h5 31. Nh2 N7f6 32. Bc1 Rc8 33. Bg5 Rc4 34. Bxf6+ Nxf6 35. Rd1 1/2-1/2

[Event "Irish International Open 2019"]
[Site "Dublin"]
[Date "2019.04.22"]
[Round "9.22"]
[White "Murphy, Sean"]
[Black "Scott, Luke"]
[Result "0-1"]
[ECO "E11"]
[WhiteElo "1976"]
[BlackElo "1881"]
[Annotator "NA"]
[PlyCount "94"]
[EventDate "2019.02.28"]
[EventType "swiss"]
[EventCountry "IRL"]
[SourceTitle "playchess.com"]
[Source "ChessBase"]
[SourceQuality "1"]
[TimeControl "5400+30"]

1. d4 Nf6 2. c4 e6 3. Nf3 Bb4+ 4. Nbd2 O-O 5. a3 Bxd2+ 6. Bxd2 h6 7. g3 d5 8. Qc2 a5 9. Bg2 a4 10. O-O Nbd7 11. Rfd1 Re8 12. Bf4 c6 13. Ne5 Nxe5 14. Bxe5 Nd7 15. e4 Nxe5 16. dxe5 d4 17. c5 Re7 18. Rd3 Rd7 19. Rad1 b6 20. Bf1 Ra5 21. f4 bxc5 22. Rf3 Qb6 23. Qc1 Rb7 24. Rd2 Qc7 25. Rc2 Qb6 26. Bc4 Re7 27. Kh1 Ba6 28. Bxa6 Qxa6 29. f5 exf5 30. Rxf5 Qd3 31. Rcf2 Qxe4+ 32. Kg1 Qd5 33. g4 Rxe5 34. Rxf7 Qxf7 35. Rxf7 Kxf7 36. Qf4+ Ke6 37. Qf8 Rb5 38. Qe8+ Kd5 39. Qd7+ Kc4 40. Qf7+ Kd3 41. Qf1+ Kd2 42. Qg2+ Re2 43. Qf3 Rxb2 44. Qf4+ Kc2 45. Kf1 Kb3 46. Qf7+ Kxa3 47. Qc4 Rec2 0-1

[Event "Irish International Open 2019"]
[Site "Dublin"]
[Date "2019.04.22"]
[Round "9.23"]
[White "Schmitz, Manuela"]
[Black "Moran, Darragh"]
[Result "0-1"]
[ECO "D94"]
[WhiteElo "1968"]
[BlackElo "1844"]
[Annotator "NA"]
[PlyCount "86"]
[EventDate "2019.02.28"]
[EventType "swiss"]
[EventCountry "IRL"]
[SourceTitle "playchess.com"]
[Source "ChessBase"]
[SourceQuality "1"]
[TimeControl "5400+30"]

1. d4 Nf6 2. Nf3 g6 3. c4 c5 4. e3 Bg7 5. Nc3 cxd4 6. exd4 O-O 7. Be2 d5 8. O-O dxc4 9. Bxc4 Nc6 10. h3 Bf5 11. a3 Rc8 12. Be3 Ne4 13. Rc1 Nxc3 14. Rxc3 Na5 15. Bd3 Rxc3 16. bxc3 Bxd3 17. Qxd3 Qc7 18. Nd2 Rc8 19. Rc1 Nc4 20. Nxc4 Qxc4 21. Qe4 Rc7 22. Bf4 Rd7 23. Rb1 f5 24. Qf3 b6 25. Rb4 Qd5 26. Qxd5+ Rxd5 27. Ra4 a5 28. Be3 Kf7 29. c4 Rxd4 30. Bxd4 Bxd4 31. c5 Bxc5 32. Kf1 e5 33. Ke2 Ke6 34. f3 Kd5 35. Kd3 h5 36. Kc3 e4 37. fxe4+ fxe4 38. Kd2 g5 39. Ke2 Ke5 40. g3 Kd5 41. Kf1 Bd6 42. g4 hxg4 43. hxg4 Bc7 0-1

[Event "Irish International Open 2019"]
[Site "Dublin"]
[Date "2019.04.22"]
[Round "9.24"]
[White "Halvorsen, Benjamin"]
[Black "Scallan, Fiachra"]
[Result "0-1"]
[ECO "C18"]
[WhiteElo "1767"]
[BlackElo "1899"]
[Annotator "NA"]
[PlyCount "72"]
[EventDate "2019.02.28"]
[EventType "swiss"]
[EventCountry "IRL"]
[SourceTitle "playchess.com"]
[Source "ChessBase"]
[SourceQuality "1"]
[TimeControl "5400+30"]

1. e4 e6 2. d4 d5 3. Nc3 Bb4 4. e5 c5 5. a3 Bxc3+ 6. bxc3 Ne7 7. Bd3 Qc7 8. Qg4 cxd4 9. Ne2 dxc3 10. Qxg7 Rg8 11. Qxh7 Qxe5 12. Qh3 Nbc6 13. Bf4 Qf6 14. Qf3 d4 15. Bg3 Qxf3 16. gxf3 e5 17. f4 f6 18. fxe5 fxe5 19. Rb1 a6 20. f4 exf4 21. Nxf4 b5 22. Kf2 Bf5 23. Rbe1 O-O-O 24. Bxf5+ Nxf5 25. Re6 Kd7 26. Rhe1 Nxg3 27. hxg3 a5 28. Rh6 Rge8 29. Rh7+ Kd6 30. Rh6+ Kd7 31. Rh7+ Kc8 32. Rxe8 Rxe8 33. Nd5 Re5 34. Nb6+ Kd8 35. Rh8+ Kc7 36. Nc8 a4 0-1

[Event "Irish International Open 2019"]
[Site "Dublin"]
[Date "2019.04.22"]
[Round "9.25"]
[White "Hafstad, Leif"]
[Black "Burg, Henk"]
[Result "1/2-1/2"]
[ECO "B40"]
[WhiteElo "1857"]
[BlackElo "1719"]
[Annotator "NA"]
[PlyCount "60"]
[EventDate "2019.02.28"]
[EventType "swiss"]
[EventCountry "IRL"]
[SourceTitle "playchess.com"]
[Source "ChessBase"]
[SourceQuality "1"]
[TimeControl "5400+30"]

1. e4 c5 2. Nf3 e6 3. g3 Nc6 4. Bg2 Qc7 5. O-O Nf6 6. Nc3 a6 7. a4 d5 8. exd5 exd5 9. d4 Be6 10. Re1 Rd8 11. Bh3 Nxd4 12. Nxd4 cxd4 13. Qxd4 Bc5 14. Qf4 Qd7 15. Qe5 O-O 16. Bxe6 fxe6 17. Be3 Ng4 18. Qh5 Nxe3 19. fxe3 Rf5 20. Qe2 Rdf8 21. Rf1 Qf7 22. Rxf5 Qxf5 23. Kg2 Qg5 24. Re1 Bb4 25. Qd3 Qe5 26. Rf1 Rxf1 27. Kxf1 Bxc3 28. Qxc3 Qxc3 29. bxc3 Kf7 30. Ke2 Kf6 1/2-1/2

[Event "Irish International Open 2019"]
[Site "Dublin"]
[Date "2019.04.22"]
[Round "9.26"]
[White "O`Connell, Kevin J."]
[Black "Putar, Leon"]
[Result "0-1"]
[ECO "A45"]
[WhiteElo "2328"]
[BlackElo "1549"]
[Annotator "NA"]
[PlyCount "84"]
[EventDate "2019.02.28"]
[EventType "swiss"]
[EventCountry "IRL"]
[SourceTitle "playchess.com"]
[Source "ChessBase"]
[SourceQuality "1"]
[TimeControl "5400+30"]

1. d4 Nf6 2. Bf4 c5 3. e3 Qb6 4. b3 cxd4 5. exd4 d6 6. c4 g6 $14 7. Nc3 Bg7 8. Rc1 O-O 9. Be2 Bf5 10. Be3 Nbd7 11. Na4 Qa5+ 12. Bd2 Qd8 13. Nc3 e5 14. d5 Nc5 15. Be3 Na6 16. g4 Be4 17. Bf3 Bxf3 18. Qxf3 Nb4 19. Bd2 e4 20. Nxe4 Nxe4 21. Bxb4 a5 22. Bd2 Nxd2 23. Kxd2 Bh6+ 24. Kc2 Bxc1 25. Kxc1 Qg5+ 26. Qe3 Qxe3+ 27. fxe3 Rfe8 28. Kd2 Re4 29. h3 Rae8 30. Nf3 Rxe3 31. Re1 Rxe1 32. Nxe1 Kg7 33. Nf3 h6 34. a3 Kf6 35. b4 axb4 36. axb4 Ra8 37. Ke3 Ra4 38. Kd4 Rxb4 39. Nd2 b5 40. Ne4+ Ke7 41. Nd2 bxc4 42. Nxc4 Kf6 0-1

[Event "Irish International Open 2019"]
[Site "Dublin"]
[Date "2019.04.22"]
[Round "9.27"]
[White "O'Mahoney, Keegan"]
[Black "Honner, Mervyn"]
[Result "1-0"]
[ECO "A53"]
[WhiteElo "1875"]
[BlackElo "1441"]
[Annotator "NA"]
[PlyCount "69"]
[EventDate "2019.02.28"]
[EventType "swiss"]
[EventCountry "IRL"]
[SourceTitle "playchess.com"]
[Source "ChessBase"]
[SourceQuality "1"]
[TimeControl "5400+30"]

1. d4 Nf6 2. Nf3 d6 3. c4 Bg4 4. Nc3 Bxf3 5. exf3 g6 6. Be3 Bg7 7. Qd2 O-O 8. Bh6 Nc6 9. O-O-O e5 10. d5 Nd4 11. Bd3 Nd7 12. h4 Nc5 13. Bc2 Nxc2 14. Kxc2 Qf6 15. b4 Bxh6 16. Qxh6 Qf5+ 17. Kb2 Nd3+ 18. Rxd3 Qxd3 19. h5 f6 20. hxg6 Qxg6 21. Qh4 Rf7 22. Ne4 a5 23. Rh3 Qf5 24. b5 Kf8 25. b6 Ra6 26. bxc7 Rb6+ 27. Kc3 Rxc7 28. Qh6+ Kf7 29. Qxh7+ Qxh7 30. Rxh7+ Kg6 31. Rxc7 f5 32. c5 dxc5 33. Nxc5 Rb5 34. d6 Kf6 35. d7 1-0